[Event "Titled Tuesday Blitz August 23 Late 2022"]
[White "Howell, David W L"]
[Black "Andreikin, Dmitry"]
[WhiteFideId "410608"]
[BlackFideId "4158814"]
[WhiteElo "2559"]
[BlackElo "2736"]
[Result "1/2-1/2"]
[Round "06"]
[TimeControl "180+1"]
[Date "2022.08.23"]
[WhiteClock "0:00:10"]
[BlackClock "0:00:19"]

1. e4 c5 2. c3 d5 3. exd5 Qxd5 4. d4 Nf6 5. Nf3 e6 6. Be3 Nc6 7. a3 cxd4 8. cxd4 Qa5+ 9. Nc3 Ne4 10. Qb3 Bb4 11. Rc1 Bd6 12. Bd3 Nxc3 13. Qxc3 Qxc3+ 14. Rxc3 Ne7 15. Be4 Nd5 16. Bxd5 exd5 17. Ne5 Bf5 18. Kd2 f6 19. Nd3 Bxd3 20. Kxd3 Kd7 21. Rhc1 g5 22. h3 b6 23. a4 h5 24. Bd2 Rhe8 25. Rb3 Rac8 26. Rxc8 Rxc8 27. a5 Bc7 28. axb6 axb6 29. Ra3 g4 30. hxg4 hxg4 31. Ra1 Rh8 32. g3 f5 33. Re1 Bd6 34. Ra1 Kc6 35. Rc1+ Kb5 36. Re1 Kc6 37. Re6 Kd7 38. Rf6 Rh5 39. Rf7+ Kc6 40. Rf6 Kd7 41. Rf7+ Kc6 42. Rf6 Kc7 43. Rf7+ Kc6 1/2-1/2


[Site "https://www.chess.com"]

[Event "Titled Tuesday Blitz August 23 Late 2022"]
[White "Kambrath, Yannick"]
[Black "Melkumyan, Hrant"]
[WhiteFideId "20632525"]
[BlackFideId "13302485"]
[WhiteElo "2236"]
[BlackElo "2604"]
[Result "0-1"]
[Round "06"]
[TimeControl "180+1"]
[Date "2022.08.23"]
[WhiteClock "0:00:05"]
[BlackClock "0:00:19"]

1. e4 c5 2. Nf3 Nc6 3. Bb5 g6 4. Bxc6 bxc6 5. O-O Bg7 6. Re1 Qc7 7. c3 d6 8. h3 e5 9. d4 cxd4 10. cxd4 exd4 11. Nxd4 Nf6 12. Bf4 O-O 13. Nc3 Re8 14. Qa4 Bb7 15. Rad1 Nd7 16. Qa3 Ne5 17. Re2 a5 18. Rc2 Qb6 19. Na4 Qb4 20. Qxb4 axb4 21. b3 c5 22. Nb5 Bxe4 23. Rcd2 Bc6 24. Nc7 Bxa4 25. bxa4 Nc4 26. Rc2 Bc3 27. Bxd6 Nxd6 28. Nxa8 Nf5 29. Nb6 Nd4 0-1


[Site "https://www.chess.com"]

[Event "Titled Tuesday Blitz August 23 Late 2022"]
[White "Kamsky, Gata"]
[Black "Livaic, Leon"]
[WhiteFideId "2000024"]
[BlackFideId "14531534"]
[WhiteElo "2666"]
[BlackElo "2540"]
[Result "1-0"]
[Round "06"]
[TimeControl "180+1"]
[Date "2022.08.23"]
[WhiteClock "0:00:12"]
[BlackClock "0:00:03"]

1. d4 e6 2. Bf4 Nf6 3. e3 b6 4. Nf3 Bb7 5. a4 a6 6. Nbd2 d6 7. h3 Nbd7 8. Bh2 g6 9. Bd3 Bg7 10. O-O O-O 11. e4 Qe7 12. Re1 e5 13. c3 Rfe8 14. Qc2 c6 15. Nc4 b5 16. Na5 Rab8 17. Nxb7 Rxb7 18. axb5 axb5 19. b4 Rc8 20. Qd2 Ne8 21. Bc2 Nc7 22. Bb3 Nb6 23. dxe5 dxe5 24. Red1 h6 25. h4 Re8 26. h5 g5 27. Qd6 Qxd6 28. Rxd6 g4 29. Nd2 Ne6 30. Rxc6 Nf4 31. Nf1 Nc4 32. Bxc4 bxc4 33. Rxc4 Nxh5 34. Ne3 Nf6 35. Bg3 Rbb8 36. Bh4 Nh5 37. Nxg4 Nf4 38. Ne3 Rec8 39. Rxc8+ Rxc8 40. c4 Ne2+ 41. Kf1 Nc3 42. f3 Bf8 43. c5 Rb8 44. Nc2 Nb5 45. Bf6 Re8 46. Ra5 Nc7 47. c6 Re6 48. Bxe5 Rxc6 49. Ra2 Nb5 50. Ke2 f6 51. Ba1 Nc3+ 52. Bxc3 Rxc3 53. Rb2 Rc8 54. Ne3 Kf7 55. b5 Ke6 56. b6 Rb8 57. b7 Bd6 58. Nf5 Be5 59. Rb6+ Kd7 60. Nxh6 Kc7 61. Rb3 Rxb7 62. Rxb7+ Kxb7 63. Ke3 Bb2 64. f4 Kc6 65. Kf3 Kd6 66. Kg4 Ke6 67. Nf5 Bc1 68. g3 Kf7 69. Nd4 Bb2 70. Nc6 Ke6 71. Nb4 Bc3 72. Nd3 Bd4 73. Kh5 Be3 74. Kg6 Bd2 75. g4 Ke7 76. Kf5 Kf7 77. Nc5 Bc3 78. Nd7 Ke7 79. Nb6 Bd4 80. Nd5+ Kf7 81. e5 fxe5 82. fxe5 Bc5 83. e6+ Kg7 84. g5 Bd6 85. g6 Kf8 86. Kf6 Ba3 87. e7+ Ke8 88. Ke6 Bb2 89. Nc7# 1-0


[Site "https://www.chess.com"]

[Event "Titled Tuesday Blitz August 23 Late 2022"]
[White "Kowalski, Igor"]
[Black "Hardaway, Brewington"]
[WhiteFideId "1172468"]
[BlackFideId "30941849"]
[WhiteElo "2376"]
[BlackElo "1813"]
[Result "0-1"]
[Round "06"]
[TimeControl "180+1"]
[Date "2022.08.23"]
[WhiteClock "0:00:11"]
[BlackClock "0:01:11"]

1. d4 Nf6 2. c4 e6 3. Nf3 d5 4. Nc3 Be7 5. Bf4 c6 6. e3 Nbd7 7. Qc2 O-O 8. Rd1 dxc4 9. Bxc4 b5 10. Bd3 Bb7 11. e4 b4 12. Ne2 h6 13. g4 Qa5 14. Bd2 c5 15. g5 hxg5 16. Rg1 g4 17. Ne5 cxd4 18. Nc4 Qh5 19. Bf4 Rac8 20. Qd2 Nxe4 21. Bxe4 Bxe4 22. Qxd4 Nf6 23. Ng3 Qd5 24. Nxe4 Qxe4+ 25. Qxe4 Nxe4 26. b3 f5 27. Rd7 Bf6 28. Be5 Ng5 29. Ke2 Nf3 30. Bxf6 Nxg1+ 31. Kf1 Rxf6 32. Kxg1 Ra8 33. Ne5 a5 34. Kg2 a4 35. Kg3 axb3 36. axb3 Ra3 37. Kf4 Rxb3 38. Kg5 Kh7 39. Rd8 Rh3 40. Nd7 Rf7 41. Nf8+ Rxf8 42. Rxf8 Rxh2 43. Re8 Rxf2 44. Rxe6 g3 45. Rb6 g2 0-1


[Site "https://www.chess.com"]

[Event "Titled Tuesday Blitz August 23 Late 2022"]
[White "Leiva, Gianmarco"]
[Black "Paravyan, David"]
[WhiteFideId "3804399"]
[BlackFideId "4194985"]
[WhiteElo "2323"]
[BlackElo "2569"]
[Result "0-1"]
[Round "06"]
[TimeControl "180+1"]
[Date "2022.08.23"]
[WhiteClock "0:01:06"]
[BlackClock "0:00:34"]

1. e4 e5 2. Nf3 Nf6 3. d4 Nxe4 4. Bd3 d5 5. dxe5 Be7 6. O-O Nc5 7. Be2 Nc6 8. Nbd2 O-O 9. Nb3 Ne6 10. c3 f6 11. exf6 Bxf6 12. Be3 Qd6 13. Qd2 a5 14. Rad1 a4 15. Nbd4 Nexd4 16. Nxd4 Nxd4 17. Bxd4 Bxd4 18. Qxd4 c6 19. c4 Be6 20. cxd5 Bxd5 21. Bc4 Rfd8 22. Bxd5+ Qxd5 23. Qxd5+ Rxd5 24. Rxd5 cxd5 25. Rd1 Rc8 26. g3 Rc2 27. Rxd5 Rxb2 28. Ra5 b5 29. a3 Kf7 30. Ra7+ Kf6 31. Rb7 Rb3 32. h4 h5 33. Kg2 g6 34. f3 Ke5 35. Rb6 Kd4 36. g4 Kc5 37. Rxg6 Rxa3 38. gxh5 Rd3 39. h6 Rd8 40. h7 Rh8 41. Rg7 b4 42. Ra7 b3 43. Rb7 Kc4 44. f4 a3 45. f5 a2 0-1


[Site "https://www.chess.com"]

[Event "Titled Tuesday Blitz August 23 Late 2022"]
[White "Lenderman, Aleksandr"]
[Black "Djordjevic, Vuk"]
[WhiteFideId "2021285"]
[BlackFideId "902098"]
[WhiteElo "2607"]
[BlackElo "2456"]
[Result "1-0"]
[Round "06"]
[TimeControl "180+1"]
[Date "2022.08.23"]
[WhiteClock "0:01:33"]
[BlackClock "0:00:02"]

1. e4 e6 2. d4 d5 3. exd5 exd5 4. Nf3 Bd6 5. c4 dxc4 6. Bxc4 Nf6 7. Qe2+ Qe7 8. Qxe7+ Bxe7 9. O-O O-O 10. Re1 Bb4 11. Nc3 Nc6 12. Bg5 Bg4 13. Bxf6 gxf6 14. Re3 Bxf3 15. Rxf3 Nxd4 16. Rxf6 Kg7 17. Rf4 Bxc3 18. bxc3 Ne6 19. Bxe6 fxe6 20. Rc4 Rf7 21. Rb1 c6 22. Re1 Rd8 23. f3 Kf6 24. Rf4+ Ke7 25. Rfe4 Rf6 26. R1e2 Rd5 27. c4 Rc5 28. Rd2 Rf7 29. Red4 Kf6 30. Rf4+ Rf5 31. Rxf5+ exf5 32. Kf2 Re7 33. Rd8 a6 34. c5 Re5 35. Rd6+ Ke7 36. Rh6 Rxc5 37. Rxh7+ Ke6 38. Rxb7 Rc2+ 39. Kg3 f4+ 40. Kh3 Rxa2 41. Rb4 c5 42. Rxf4 a5 43. g4 a4 44. g5 Ra1 45. g6 a3 46. Rg4 Rd1 47. g7 Rd8 48. g8=Q+ Rxg8 49. Rxg8 1-0


[Site "https://www.chess.com"]

[Event "Titled Tuesday Blitz August 23 Late 2022"]
[White "Lewicki, Miroslaw"]
[Black "Ibrahimli, Murad"]
[WhiteFideId "1113380"]
[BlackFideId "13410229"]
[WhiteElo "2204"]
[BlackElo "2109"]
[Result "1/2-1/2"]
[Round "06"]
[TimeControl "180+1"]
[Date "2022.08.23"]
[WhiteClock "0:00:18"]
[BlackClock "0:00:16"]

1. g3 d5 2. Bg2 Nf6 3. Nf3 c6 4. O-O Bg4 5. Ne5 Be6 6. b3 Nbd7 7. Bb2 Nxe5 8. Bxe5 Qd7 9. d3 Bh3 10. Nd2 Bxg2 11. Kxg2 Ng4 12. Bb2 e6 13. e4 Nf6 14. e5 Ng8 15. f4 Ne7 16. Nf3 Nf5 17. Re1 h5 18. h3 Bb4 19. c3 Be7 20. Qd2 O-O-O 21. h4 Rh6 22. Nd4 Nxd4 23. cxd4 Rg6 24. Kh2 Rg4 25. Qa5 Kb8 26. Ba3 Bxa3 27. Qxa3 Rh8 28. Rac1 Qd8 29. Re3 Rh6 30. Rf1 a6 31. Qc5 Rhg6 32. f5 exf5 33. Rxf5 Rxh4+ 34. gxh4 Qxh4+ 35. Rh3 Qg4 36. Qf8+ Ka7 37. Qc5+ Kb8 38. Qf8+ Ka7 39. Qc5+ Kb8 1/2-1/2


[Site "https://www.chess.com"]

[Event "Titled Tuesday Blitz August 23 Late 2022"]
[White "Machidon, Cristi"]
[Black "Shimanov, Aleksandr"]
[WhiteFideId "13904590"]
[BlackFideId "4198603"]
[WhiteElo "2312"]
[BlackElo "2605"]
[Result "0-1"]
[Round "06"]
[TimeControl "180+1"]
[Date "2022.08.23"]
[WhiteClock "0:00:12"]
[BlackClock "0:01:17"]

1. d4 Nf6 2. c4 g6 3. Nc3 Bg7 4. e4 d6 5. Be2 O-O 6. Bg5 c5 7. d5 e6 8. Qd2 exd5 9. exd5 Qb6 10. Nf3 Bf5 11. O-O Ne4 12. Nxe4 Bxe4 13. Bd3 Bxf3 14. gxf3 Nd7 15. Rab1 Rfe8 16. a3 a5 17. b3 Ne5 18. Be2 f5 19. Be3 Qd8 20. b4 axb4 21. axb4 b6 22. Kg2 Ra3 23. bxc5 bxc5 24. Rb7 Qh4 25. Bg5 Qh5 26. h4 Rxf3 27. Bxf3 Qxf3+ 28. Kh2 Ng4+ 29. Kg1 Be5 0-1


[Site "https://www.chess.com"]

[Event "Titled Tuesday Blitz August 23 Late 2022"]
[White "Mathieu, Phileas"]
[Black "Schmakel, Sam"]
[WhiteFideId "36048410"]
[BlackFideId "2039311"]
[WhiteElo "2138"]
[BlackElo "2356"]
[Result "1/2-1/2"]
[Round "06"]
[TimeControl "180+1"]
[Date "2022.08.23"]
[WhiteClock "0:00:01"]
[BlackClock "0:00:05"]

1. e4 g6 2. d4 Bg7 3. Nc3 d6 4. Be3 a6 5. a4 Nc6 6. h3 e5 7. Nf3 exd4 8. Nxd4 Nf6 9. Nxc6 bxc6 10. Bd3 Rb8 11. Rb1 Nd7 12. O-O O-O 13. Qd2 c5 14. b3 Re8 15. Bh6 Bb7 16. Bxg7 Kxg7 17. Rbe1 Ne5 18. f4 Nxd3 19. Qxd3 a5 20. f5 Bc6 21. f6+ Kh8 22. Qd2 Re6 23. Nd5 Ra8 24. Ne7 Bxe4 25. Rf4 d5 26. Rh4 Qf8 27. Qg5 Raa6 28. Rf1 Bxc2 29. Rh6 Rxf6 30. Rxf6 Qxe7 31. Rxh7+ Kxh7 32. Qh4+ Kg8 33. Rxg6+ Kf8 34. Rg8+ Kxg8 35. Qxe7 d4 36. Qxc7 Re6 37. Qxc5 d3 38. Kh2 Bxb3 39. Qxa5 Rd6 40. Qg5+ Rg6 41. Qd2 Bd5 42. g4 Bc4 43. Kg3 Re6 44. a5 Re2 45. Qg5+ Kh7 46. Qh5+ Kg7 47. Qg5+ Kh7 48. Qf5+ Kg7 49. Qg5+ Kh7 1/2-1/2


[Site "https://www.chess.com"]

[Event "Titled Tuesday Blitz August 23 Late 2022"]
[White "Matinian, Nikita"]
[Black "Ansh M Shah"]
[WhiteFideId "24129100"]
[BlackFideId "25033379"]
[WhiteElo "2422"]
[BlackElo "1819"]
[Result "1-0"]
[Round "06"]
[TimeControl "180+1"]
[Date "2022.08.23"]
[WhiteClock "0:00:07"]
[BlackClock "0:00:02"]

1. e4 c6 2. Nc3 d5 3. Nf3 dxe4 4. Nxe4 Nf6 5. Qe2 Bf5 6. Nxf6+ gxf6 7. d4 Qd5 8. c3 Qe4 9. Qxe4 Bxe4 10. Nd2 Bg6 11. g3 e5 12. dxe5 fxe5 13. Nc4 Nd7 14. Bh3 f6 15. Be3 Nc5 16. Bxc5 Bxc5 17. O-O-O O-O 18. Rd2 Rad8 19. Rhd1 Be7 20. Na5 f5 21. f4 exf4 22. gxf4 Rxd2 23. Rxd2 Bc5 24. Re2 Rf7 25. Nc4 Re7 26. Rxe7 Bxe7 27. Kd2 Kf7 28. b4 c5 29. b5 Ke6 30. a4 b6 31. Kd3 Bd6 32. Ke3 Bc7 33. Bg2 Bh5 34. Bb7 Bd1 35. Bc8+ Kf6 36. Nb2 Bb3 37. Bb7 Be6 38. c4 Kg6 39. Bd5 Bxd5 40. cxd5 Kf6 41. Nc4 Ke7 42. Kf3 Kd7 43. h3 h5 44. Kg3 Bd8 45. Ne5+ Kd6 46. Nf7+ Kd7 47. Ne5+ Kd6 48. Nc6 Bc7 49. Kf3 Kxd5 50. Nxa7 c4 51. Nc6 Kc5 52. Ke3 c3 53. Kd3 Bxf4 54. Kxc3 Bc7 55. Kd3 f4 56. Ke4 Kc4 57. Ne7 Kb3 58. Nd5 Bd8 59. a5 bxa5 60. b6 Bxb6 61. Nxb6 Kb4 62. Nd5+ Kc5 63. Nxf4 a4 64. Kd3 Kd6 65. Nxh5 Ke5 66. Ng3 Kf4 67. Nh1 1-0


[Site "https://www.chess.com"]

[Event "Titled Tuesday Blitz August 23 Late 2022"]
[White "Mcconnell, Sullivan"]
[Black "Maksimovic, Bojan"]
[WhiteFideId "30934885"]
[BlackFideId "14408120"]
[WhiteElo "2596"]
[BlackElo "2447"]
[Result "0-1"]
[Round "06"]
[TimeControl "180+1"]
[Date "2022.08.23"]
[WhiteClock "0:00:34"]
[BlackClock "0:00:17"]

1. e4 e5 2. Nf3 Nc6 3. Bb5 a6 4. Ba4 Nf6 5. O-O Be7 6. Re1 b5 7. Bb3 d6 8. h3 Na5 9. d4 Nxb3 10. axb3 Nd7 11. dxe5 Nxe5 12. Nxe5 dxe5 13. Qxd8+ Bxd8 14. Nc3 Bb7 15. Be3 Be7 16. f3 c6 17. Red1 f6 18. Ne2 Rd8 19. Rxd8+ Kxd8 20. Bb6+ Ke8 21. c3 c5 22. Rd1 Bc8 23. Ba5 Kf7 24. Kf2 Be6 25. b4 h5 26. bxc5 Bxc5+ 27. Ke1 Rc8 28. Ng3 g6 29. Nf1 f5 30. Nd2 Kf6 31. Nf1 Kg5 32. Bd8+ Kh6 33. Bf6 fxe4 34. fxe4 Re8 35. b4 Bf8 36. Nd2 g5 37. Nf3 g4 38. hxg4 Bxg4 39. Ra1 Re6 40. Bh4 Kg6 41. Bg3 Bxf3 42. gxf3 Be7 43. Ke2 h4 44. Bf2 Rc6 45. Be3 Kh5 46. Bd2 Bg5 47. Bxg5 Kxg5 48. Rg1+ Kh5 49. Kd3 h3 50. Rg8 h2 51. Rh8+ Rh6 0-1


[Site "https://www.chess.com"]

[Event "Titled Tuesday Blitz August 23 Late 2022"]
[White "Moroni, Luca Jr"]
[Black "Jaracz, Pawel"]
[WhiteFideId "865834"]
[BlackFideId "1102222"]
[WhiteElo "2573"]
[BlackElo "2459"]
[Result "1-0"]
[Round "06"]
[TimeControl "180+1"]
[Date "2022.08.23"]
[WhiteClock "0:00:20"]
[BlackClock "0:00:06"]

1. d4 Nf6 2. Bf4 d5 3. e3 e6 4. Nf3 c5 5. Nbd2 Nc6 6. c3 Be7 7. h3 Bd6 8. dxc5 Bxc5 9. Bd3 O-O 10. O-O Bd6 11. Bxd6 Qxd6 12. e4 Rd8 13. Qe2 dxe4 14. Bxe4 Nxe4 15. Nxe4 Qc7 16. Rad1 e5 17. Rxd8+ Qxd8 18. Rd1 Qe7 19. Nd6 f6 20. Qb5 Be6 21. c4 Rd8 22. c5 g6 23. b3 Kg7 24. Rd2 e4 25. Nxe4 Rxd2 26. Nexd2 Bd5 27. a3 g5 28. b4 h5 29. Qd3 Qe6 30. Qe3 Qf5 31. Nd4 Nxd4 32. Qxd4 Qe6 33. Nf1 1-0


[Site "https://www.chess.com"]

[Event "Titled Tuesday Blitz August 23 Late 2022"]
[White "Nakamura, Hikaru"]
[Black "Salem, A.R. Saleh"]
[WhiteFideId "2016192"]
[BlackFideId "9301348"]
[WhiteElo "2850"]
[BlackElo "2674"]
[Result "0-1"]
[Round "06"]
[TimeControl "180+1"]
[Date "2022.08.23"]
[WhiteClock "0:00:10"]
[BlackClock "0:00:08"]

1. e4 e5 2. Nc3 Nc6 3. g3 Nf6 4. Bg2 Bc5 5. d3 d6 6. Na4 Bg4 7. f3 Be6 8. Ne2 Qd7 9. h3 O-O-O 10. a3 Nd4 11. Nxd4 Bxd4 12. c3 Bb6 13. Nxb6+ axb6 14. c4 Nh5 15. Kf2 g6 16. g4 Nf4 17. Bxf4 exf4 18. Qd2 f5 19. b3 Qg7 20. d4 fxe4 21. fxe4 Rdf8 22. Bf3 h5 23. g5 h4 24. a4 Qe7 25. Rag1 Kb8 26. a5 bxa5 27. Qxa5 b6 28. Qa3 Bc8 29. Ra1 Bb7 30. Qa7+ Kc8 31. Bg4+ Rf5 32. Rhe1 Qxg5 33. Rg1 Qf6 34. Rad1 Bxe4 35. Rge1 Bb7 36. Bf3 Bxf3 37. Kxf3 Qg5 38. Qa8+ Kd7 39. Qxh8 Qg3+ 40. Ke2 Qe3+ 41. Kf1 Qf3+ 42. Kg1 Rg5+ 0-1


[Site "https://www.chess.com"]

[Event "Titled Tuesday Blitz August 23 Late 2022"]
[White "Naroditsky, Daniel"]
[Black "Jones, Gawain C B"]
[WhiteFideId "2026961"]
[BlackFideId "409561"]
[WhiteElo "2628"]
[BlackElo "2657"]
[Result "1-0"]
[Round "06"]
[TimeControl "180+1"]
[Date "2022.08.23"]
[WhiteClock "0:01:57"]
[BlackClock "0:01:14"]

1. e4 e5 2. Nf3 Nc6 3. Nc3 Nf6 4. g3 Bc5 5. Bg2 d6 6. d3 a6 7. O-O h6 8. h3 Be6 9. Kh2 g5 10. Be3 Qd7 11. d4 exd4 12. Nxd4 Bc4 13. Re1 O-O-O 14. Nxc6 Qxc6 15. e5 dxe5 16. Bxc6 Rxd1 17. Nxd1 Bb4 18. c3 Bd6 19. Bg2 Rg8 20. b3 Be6 21. c4 Bb4 22. Re2 h5 23. a3 Be7 24. Nc3 h4 25. g4 c6 26. Rd1 Bxa3 27. Na4 Nd7 28. Nb6+ Nxb6 29. Bxb6 f6 30. Red2 Be7 31. Be4 1-0


[Site "https://www.chess.com"]

[Event "Titled Tuesday Blitz August 23 Late 2022"]
[White "Nazaretyan, Tigran"]
[Black "Chigaev, Maksim"]
[WhiteFideId "24162345"]
[BlackFideId "4108116"]
[WhiteElo "2183"]
[BlackElo "2487"]
[Result "0-1"]
[Round "06"]
[TimeControl "180+1"]
[Date "2022.08.23"]
[WhiteClock "0:00:01"]
[BlackClock "0:01:11"]

1. d4 Nf6 2. c3 g6 3. Bf4 Bg7 4. e3 O-O 5. Nf3 d6 6. h3 c5 7. Nbd2 cxd4 8. exd4 Nc6 9. Be2 e5 10. dxe5 dxe5 11. Nxe5 Nd5 12. Nxc6 bxc6 13. Bg3 Re8 14. O-O Bxc3 15. Nc4 Bxb2 16. Nxb2 Nc3 17. Qxd8 Nxe2+ 18. Kh2 Rxd8 19. Bh4 Re8 20. Rfe1 h6 21. Nd3 g5 22. Bg3 Bf5 23. Nb4 Rac8 24. Rad1 a5 25. Na6 Nxg3 26. Kxg3 Rxe1 27. Rxe1 Be6 28. a3 c5 29. Re5 c4 30. Rxa5 c3 31. Rc5 c2 32. Nc7 Bb3 33. Kf3 Rd8 34. Nb5 Rd1 35. Nd4 Rxd4 36. Ke2 Rd1 0-1


[Site "https://www.chess.com"]

[Event "Titled Tuesday Blitz August 23 Late 2022"]
[White "Odegov, Artem"]
[Black "Rustemov, Alexander"]
[WhiteFideId "34183644"]
[BlackFideId "4119002"]
[WhiteElo "2286"]
[BlackElo "2751"]
[Result "1-0"]
[Round "06"]
[TimeControl "180+1"]
[Date "2022.08.23"]
[WhiteClock "0:00:04"]
[BlackClock "0:00:01"]

1. d4 g6 2. c4 Bg7 3. h4 c5 4. d5 Nf6 5. Nc3 d6 6. e4 e6 7. Nf3 exd5 8. cxd5 O-O 9. Be2 Re8 10. Nd2 Na6 11. h5 Nc7 12. h6 Bh8 13. a4 b6 14. f3 Nd7 15. Nc4 Ne5 16. Bf4 Ba6 17. Nxe5 Bxe5 18. Bxe5 Rxe5 19. f4 Re8 20. Bxa6 Nxa6 21. Qe2 Nb4 22. O-O Qh4 23. e5 dxe5 24. Rae1 e4 25. Nxe4 f5 26. g3 Qd8 27. Qc4 fxe4 28. d6+ Kf8 29. Qc3 Kf7 30. f5 gxf5 31. Rxf5+ Ke6 32. Rxe4+ Kd7 33. Rf7+ Kc6 34. Qf3 Nd5 35. Ref4 Qxd6 36. R4f5 Re6 37. R7f6 Rae8 38. Rf7 Re3 39. Kg2 1-0


[Site "https://www.chess.com"]

[Event "Titled Tuesday Blitz August 23 Late 2022"]
[White "Sarana, Alexey"]
[Black "Xiong, Jeffery"]
[WhiteFideId "24133795"]
[BlackFideId "2047640"]
[WhiteElo "2666"]
[BlackElo "2714"]
[Result "0-1"]
[Round "06"]
[TimeControl "180+1"]
[Date "2022.08.23"]
[WhiteClock "0:00:03"]
[BlackClock "0:00:49"]

1. c4 e5 2. Nc3 d6 3. g3 f5 4. Bg2 Be7 5. Nf3 Nf6 6. O-O O-O 7. b4 a6 8. d3 Qe8 9. e3 Nc6 10. Rb1 Kh8 11. a4 Qh5 12. b5 Nd8 13. Nd2 Qg6 14. f4 axb5 15. axb5 Ng4 16. Nf3 c6 17. bxc6 bxc6 18. h3 Nh6 19. fxe5 dxe5 20. Nxe5 Qxg3 21. d4 Bd6 22. Ne2 Qh4 23. Qe1 Qe7 24. Nxc6 Nxc6 25. Bxc6 Ra2 26. Bg2 Ba6 27. Bd5 Qg5+ 28. Kh1 Qh5 29. Rf3 Bxc4 30. Bxc4 Qxf3+ 31. Kg1 Qxh3 32. Qf2 Rf6 33. Nf4 Qg4+ 34. Ng2 Rxf2 35. Kxf2 Qg3+ 0-1


[Site "https://www.chess.com"]

[Event "Titled Tuesday Blitz August 23 Late 2022"]
[White "Seo, Jung Min"]
[Black "Levine, Joseph"]
[WhiteFideId "1734687"]
[BlackFideId "30940346"]
[WhiteElo "2414"]
[BlackElo "1810"]
[Result "1-0"]
[Round "06"]
[TimeControl "180+1"]
[Date "2022.08.23"]
[WhiteClock "0:01:26"]
[BlackClock "0:00:19"]

1. d4 d5 2. c4 e6 3. Nf3 Nf6 4. Nc3 dxc4 5. e4 b5 6. e5 Nd5 7. Nxb5 Nb6 8. Be2 Nc6 9. O-O Be7 10. Qd2 O-O 11. Qf4 Rb8 12. Nc3 Bb7 13. Qg4 Kh8 14. Rd1 f5 15. exf6 Bxf6 16. Be3 Bc8 17. Qh5 Nd5 18. Ng5 Bxg5 19. Bxg5 Nf6 20. Qh4 Rxb2 21. Bxc4 Rc2 22. d5 Rxc3 23. dxc6 Qe8 24. Qd4 Rc2 25. Bb3 Rxc6 26. Ba4 Bb7 27. Qxa7 Ra6 28. Qxa6 Bxa6 29. Bxe8 Rxe8 30. Bxf6 gxf6 31. Rac1 Re7 32. Rd8+ Kg7 33. Ra8 Bb7 34. Ra7 Bd5 35. Rcxc7 Rxc7 36. Rxc7+ Kg6 37. a4 1-0


[Site "https://www.chess.com"]

[Event "Titled Tuesday Blitz August 23 Late 2022"]
[White "Sjugirov, Sanan"]
[Black "Yurovskykh, Oleksandr"]
[WhiteFideId "4189302"]
[BlackFideId "14134020"]
[WhiteElo "2609"]
[BlackElo "2292"]
[Result "0-1"]
[Round "06"]
[TimeControl "180+1"]
[Date "2022.08.23"]
[WhiteClock "0:00:13"]
[BlackClock "0:00:04"]

1. e4 d5 2. exd5 Qxd5 3. Nc3 Qd8 4. d4 Nf6 5. Nf3 Bg4 6. h3 Bxf3 7. Qxf3 c6 8. Be3 e6 9. O-O-O Bb4 10. Ne4 Nxe4 11. Qxe4 Qd5 12. Qxd5 cxd5 13. c4 dxc4 14. Bxc4 Nd7 15. Kb1 Nb6 16. Bb3 O-O-O 17. d5 exd5 18. a3 Be7 19. Rhe1 Bd6 20. Bxb6 axb6 21. Bxd5 f6 22. b4 Kb8 23. Kc2 Rd7 24. Be6 Rc7+ 25. Kb3 Be7 26. Bd7 Bd8 27. Rd3 g6 28. Re2 f5 29. Ka4 Bf6 30. Re6 Bg5 31. Bb5 Ka7 32. g3 Rd8 33. Rxd8 Bxd8 34. h4 Re7 35. Rd6 Bc7 36. Rd2 Be5 37. Bc4 Rc7 38. Kb5 f4 39. g4 Bf6 40. g5 Be5 41. a4 Re7 42. Re2 f3 43. Re3 Bd6 44. Rxe7 Bxe7 45. Bd5 Bf8 46. Bxf3 h6 47. gxh6 Bxh6 48. Be4 Bd2 49. Bxg6 Be1 50. h5 Bxf2 51. h6 Bd4 52. Kc4 Bb2 53. Kd5 Kb8 0-1


[Site "https://www.chess.com"]

[Event "Titled Tuesday Blitz August 23 Late 2022"]
[White "Suder, Jakub"]
[Black "Abdrlauf, Elham"]
[WhiteFideId "1195310"]
[BlackFideId "1533533"]
[WhiteElo "2095"]
[BlackElo "2430"]
[Result "1/2-1/2"]
[Round "06"]
[TimeControl "180+1"]
[Date "2022.08.23"]
[WhiteClock "0:00:56"]
[BlackClock "0:00:02"]

1. d4 Nf6 2. c4 e6 3. Nc3 d5 4. cxd5 exd5 5. Bg5 c6 6. e3 Bd6 7. Bd3 O-O 8. Qc2 h6 9. Bh4 Re8 10. Nge2 a5 11. h3 Na6 12. a3 Nc7 13. O-O Ne6 14. f3 Ng5 15. f4 Ne6 16. Kh1 Be7 17. Ng1 Nf8 18. Nf3 Nh5 19. Bf2 Bd6 20. g4 Nf6 21. Ne5 Be6 22. Bh4 Be7 23. Qg2 Ne4 24. Bxe7 Qxe7 25. f5 f6 26. Nf3 Bf7 27. Rae1 Nh7 28. Bxe4 dxe4 29. Nd2 Bd5 30. Nxd5 cxd5 31. Rc1 Ng5 32. h4 Nf3 33. Nxf3 exf3 34. Rxf3 Rac8 35. Rxc8 Rxc8 36. g5 Qe4 37. gxf6 Rc1+ 38. Kh2 Rc2 39. Rf2 Qxh4+ 40. Kg1 Qxf2+ 41. Qxf2 Rxf2 42. Kxf2 gxf6 43. a4 h5 44. Kg3 Kg7 45. Kh3 Kh7 46. Kg3 Kg7 47. Kh3 Kh7 48. Kg3 Kg7 1/2-1/2


[Site "https://www.chess.com"]

[Event "Titled Tuesday Blitz August 23 Late 2022"]
[White "Tari, Aryan"]
[Black "Shirov, Alexei"]
[WhiteFideId "1510045"]
[BlackFideId "2209390"]
[WhiteElo "2612"]
[BlackElo "2678"]
[Result "0-1"]
[Round "06"]
[TimeControl "180+1"]
[Date "2022.08.23"]
[WhiteClock "0:00:03"]
[BlackClock "0:00:09"]

1. e4 e5 2. Nf3 Nc6 3. Bc4 Nf6 4. d3 Bc5 5. c3 O-O 6. O-O d5 7. exd5 Nxd5 8. Re1 Bg4 9. Nbd2 Nb6 10. h3 Bh5 11. Bb3 Qxd3 12. Nxe5 Qf5 13. Nef3 Rad8 14. Qe2 Nd5 15. Ne4 Bxf3 16. Qxf3 Qxf3 17. gxf3 Bb6 18. a4 a6 19. Bg5 Nde7 20. Rad1 h6 21. Rxd8 Rxd8 22. Bxe7 Nxe7 23. a5 Ba7 24. Nf6+ Kf8 25. Ne4 Ng6 26. Kg2 Nf4+ 27. Kg3 g5 28. h4 f5 29. Nf6 Rd2 30. Nh7+ Kg7 31. Re7+ Kg6 32. hxg5 hxg5 33. Rd7 Bxf2+ 34. Kh2 Bg3+ 35. Kh1 Rxb2 36. Nf8+ Kf6 37. Rf7+ Ke5 38. Re7+ Kd6 39. Rd7+ Kc6 40. Ba4+ b5 41. axb6+ Kxb6 42. Rd1 Rh2+ 43. Kg1 Nh3+ 44. Kf1 Rf2+ 45. Ke1 Rh2+ 46. Kf1 Nf4 47. Rb1+ Ka5 48. Kg1 Kxa4 49. Nd7 Ka3 50. Nc5 Rg2+ 51. Kf1 Rf2+ 52. Kg1 Nh3+ 53. Kh1 Rh2# 0-1


[Site "https://www.chess.com"]

[Event "Titled Tuesday Blitz August 23 Late 2022"]
[White "Theodorou, Nikolas"]
[Black "Carlsen, Magnus"]
[WhiteFideId "4262875"]
[BlackFideId "1503014"]
[WhiteElo "2484"]
[BlackElo "2830"]
[Result "0-1"]
[Round "06"]
[TimeControl "180+1"]
[Date "2022.08.23"]
[WhiteClock "0:00:03"]
[BlackClock "0:00:41"]

1. d4 g6 2. e4 d6 3. Nf3 Bg7 4. Bd3 Nc6 5. c3 e5 6. dxe5 Nxe5 7. Nxe5 Bxe5 8. Nd2 Bg7 9. Nf3 Nf6 10. h3 O-O 11. O-O Re8 12. Re1 Bd7 13. Bf4 Bc6 14. Qc2 Nd7 15. Nd4 Nc5 16. Nxc6 bxc6 17. Rad1 a5 18. Be3 Nxd3 19. Qxd3 c5 20. a4 Rb8 21. Re2 Qe7 22. Bf4 Qe6 23. Rde1 h5 24. Qa6 Rb6 25. Qxa5 Qc4 26. Qa7 Rc8 27. a5 Rb5 28. Qa6 Rcb8 29. Qc6 Rxb2 30. Rxb2 Rxb2 31. Qxc7 Bxc3 32. Rc1 Qxe4 33. Qd8+ Kh7 34. Be3 Bd4 35. Bxd4 Qxd4 36. Rf1 Ra2 37. Qb6 Qd3 38. Rc1 Qd2 39. Rf1 Rxa5 40. Qb7 Kg7 41. Qf3 Qd4 42. Qg3 Ra1 0-1


[Site "https://www.chess.com"]